 Dungeon Crawl Stone Soup version 0.23.3-3-gaaff5abdbf (webtiles) character file.

Game seed: 5991571570873771173

3206 MordorOrchid the Ruffian (level 9, -13/70 HPs)
             Began as a Minotaur Summoner on June 7, 2020.
             Was a Priest of Cheibriados.
             Mangled by an orc knight
             ... wielding a +0 war axe
              (20 damage)
             ... in a bailey.
             The game lasted 00:36:18 (7154 turns).

MordorOrchid the Ruffian (Minotaur Summoner)        Turns: 7154, Time: 00:36:19

Health: -13/70     AC:  8    Str: 22    XL:     9   Next: 65%
Magic:  3/15       EV: 20    Int: 23    God:    Cheibriados [***...]
Gold:   299        SH:  0    Dex: 23    Spells: 3/17 levels left

rFire    + . .     SeeInvis .     - Unarmed
rCold    + + .     Gourm    .   (no shield)
rNeg     . . .     Faith    .   q - +0 scale mail
rPois    .         Spirit   .   (helmet restricted)
rElec    .         Reflect  .   S - scarf {rC+ rF+}
rCorr    .         Harm     .   (no gloves)
MR       +....                  h - +0 pair of boots
Stlth    ++........             (no amulet)
HPRegen  0.21/turn              v - ring of protection from cold
MPRegen  0.14/turn              E - ring of protection from magic

@: agile, very slow
A: retaliatory headbutt, horns 2
a: Bend Time, Temporal Distortion, Renounce Religion


You were in a bailey.
You worshipped Cheibriados.
Cheibriados was most pleased with you.
You were hungry.

You visited 2 branches of the dungeon, and saw 9 of its levels.
You also visited: Ossuary and Bailey.

You collected 299 gold pieces.

Inventory:

Hand Weapons
 b - a +4 blowgun
 j - a +0 hunting sling
 p - a +2 scythe of venom
 w - a +1 whip of electrocution
Missiles
 e - 46 sling bullets
 f - 140 bolts
 g - 335 stones (quivered)
 G - 68 arrows
 I - 6 needles of confusion
 J - 14 poisoned needles
Armour
 d - a +1 robe of the Archmagi
 h - a +0 pair of boots (worn)
 k - a +0 plate armour
 o - a +0 chain mail
 q - a +0 scale mail (worn)
 y - a +0 leather armour
 C - a +0 ring mail
 S - a scarf of resistance (worn)
 T - a +0 buckler
Magical Staves
 z - an uncursed staff of wizardry
Jewellery
 v - a ring of protection from cold (left hand)
 E - a ring of protection from magic (right hand)
 O - an uncursed ring of protection from cold
Wands
 R - a wand of flame (19)
Scrolls
 a - a scroll of holy word
 i - 6 scrolls of remove curse
 r - 5 scrolls of teleportation
 s - 2 scrolls of immolation
 t - 2 scrolls of enchant armour
 H - a scroll of noise
 L - a scroll of brand weapon {unknown}
 M - a scroll of blinking
 Q - a scroll of random uselessness {unknown}
Potions
 l - a potion of curing {unknown}
 n - 3 potions of agility
 u - 2 potions of heal wounds
 x - a potion of resistance {unknown}
 A - a potion of invisibility {unknown}
 D - 2 potions of lignification
 K - 2 potions of mutation
 N - a potion of cancellation
 P - a potion of ambrosia {unknown}
Comestibles
 c - 15 rations
 U - 7 chunks of flesh


   Skills:
 - Level 3.2 Fighting
 * Level 6.1 Armour
 * Level 6.2 Dodging
 - Level 1.5 Stealth
 * Level 6.2 Unarmed Combat
 * Level 4.8 Spellcasting
 * Level 5.5 Summonings
 * Level 1.3 Air Magic


You had 3 spell levels left.
You knew the following spells:

 Your Spells              Type           Power        Failure   Level  Hunger
a - Summon Small Mammal   Summ           ####         2%          1    None
b - Call Imp              Summ           ####....     3%          2    None
c - Call Canine Familiar  Summ           ####....     8%          3    ##.....
j - Summon Lightning Spi  Summ/Air       ###.....     50%         4    ####...
s - Summon Ice Beast      Ice/Summ       ###.....     58%         4    ####...

Your spell library contained the following spells:

 Spells                   Type           Power        Failure   Level  Hunger
 Summon Guardian Golem    Hex/Summ       ###.....     22%         3    ##.....
 Corona                   Hex            #......      24%         1    None
 Ensorcelled Hibernation  Hex/Ice        #.....       34%         2    None
 Confuse                  Hex            #.......     56%         3    ##.....
 Dazzling Spray           Conj/Hex       #.....       56%         3    ##.....
 Tukima's Dance           Hex            #.......     56%         3    ##.....


Dungeon Overview and Level Annotations

Branches:
Dungeon (8/15)             Temple (1/1) D:4
   Lair: D:8-11

Altars:
Ashenzari
Cheibriados
Dithmenos
Elyvilon
Fedhas
Gozag
Hepliaklqana
Makhleb
Nemelex Xobeh
Qazlal
Ru
Sif Muna
Trog
Uskayaw
Vehumet
Wu Jian
Xom
Yredelemnul
Zin
The Shining One

Annotations:
D:8 exclusion: oklob plant


Innate Abilities, Weirdness & Mutations

You reflexively headbutt those who attack you in melee.
You have a pair of horns on your head.


Message History

Press: ? - help, Shift-Dir - straight line, f/p - orc knight
Aim: an orc knight, wielding a +0 war axe and wearing a +0 chain mail (almost dead)
The puff of flame hits the orc knight.
The orc knight is almost dead.
The orc knight hits you with a +0 war axe.
Evoke which item? (* to show all) (? for menu, Esc to quit)
Aiming: Throw Flame
Press: ? - help, Shift-Dir - straight line, f/p - orc knight
Aim: an orc knight, wielding a +0 war axe and wearing a +0 chain mail (almost dead)
The puff of flame misses the orc knight.
The orc knight hits you with a +0 war axe!!
* * * LOW HITPOINT WARNING * * *
Evoke which item? (* to show all) (? for menu, Esc to quit)
Aiming: Throw Flame
Press: ? - help, Shift-Dir - straight line, f/p - orc knight
Aim: an orc knight, wielding a +0 war axe and wearing a +0 chain mail (almost dead)
The puff of flame hits the orc knight but does no damage.
The orc knight is almost dead.
The orc knight hits you with a +0 war axe!!
You die...

### ## ###.### ##.###
###.....### ###.....##
##.........###.........
#...........#..........
#...........)).).).....
#.....⌠.o..)#.....⌠....
#.......@...#..........
#.........).#..o.......
###)........###.........
♣♣♣ ###.#)#.....###
###.....#'
..♣###...))###.###
##.### ..##.........###
## ..#...........#
..'.).........#
..'.....⌠.....#


You could see an orc knight.

Vanquished Creatures
  Pikel (D:5)
  An ice beast (D:7)
  2 orc warriors (Bailey)
  A sky beast (D:6)
  A phantom (D:4)
  2 centaurs
  3 ogres
  A bullfrog (D:6)
  2 scorpions
  2 wights (D:8)
  3 howler monkeys
  4 crimson imps
  A centaur zombie (Ossuary)
  3 hounds (D:4)
  4 orc priests
  Crazy Yiuf (D:3)
  4 centaur skeletons
  5 orc wizards
  A bullfrog skeleton (D:4)
  An iguana (D:4)
  Terence (D:3)
  5 worker ants
  2 mummies (Ossuary)
  2 gnolls (Bailey)
  4 adders
  A shadow imp (D:5)
  2 oozes (D:3)
  2 worms
  5 dart slugs
  3 leopard geckos
  16 orcs
  5 giant cockroaches
  9 goblins
  4 hobgoblins
  10 jackals
  2 quokkas
  2 ball pythons
  5 bats
  A frilled lizard (D:4)
  A goblin zombie (D:6)
  4 hobgoblin zombies (Ossuary)
  A jackal skeleton (D:6)
  8 kobolds
  A quokka skeleton (D:6)
  2 rats
  A rat zombie (D:6)
142 creatures vanquished.

Vanquished Creatures (collateral kills)
  An ugly thing (D:8)
  Sigmund (D:2)
  An ogre (D:5)
  2 bullfrogs (D:7)
  A bullfrog zombie (D:7)
  A centaur zombie (Ossuary)
  An orc wizard (D:5)
  A bullfrog skeleton (D:4)
  3 jellies
  Jessica (D:3)
  A worker ant (D:7)
  3 big kobold zombies (Ossuary)
  A hound skeleton (D:4)
  4 mummies (Ossuary)
  Robin (D:3)
  6 adders
  2 gnolls (Bailey)
  A shadow imp (D:7)
  2 leopard geckos
  13 orcs
  A giant cockroach (D:8)
  9 goblins
  3 hobgoblins
  A jackal (D:2)
  A quokka (D:3)
  A hobgoblin zombie (Ossuary)
  A kobold (D:7)
  A leopard gecko skeleton (D:7)
  A rat (D:2)
66 creatures vanquished.

Vanquished Creatures (others)
  A bullfrog zombie (D:6)
  An adder (D:2)
  A leopard gecko (D:6)
3 creatures vanquished.

Grand Total: 211 creatures vanquished

Notes
Turn   | Place    | Note
-------+----------+-------------------------------------------
     0 | D:1      | MordorOrchid the Minotaur Summoner began the quest for the
                  | Orb.
     0 | D:1      | Reached XP level 1. HP: 14/14 MP: 1/1
   543 | D:1      | You fall through a shaft!
   683 | D:1      | Reached XP level 2. HP: 21/22 MP: 0/3
   689 | D:1      | Learned a level 2 spell: Call Imp
   805 | D:1      | Reached skill level 1 in Fighting
   994 | D:2      | Reached skill level 1 in Armour
  1042 | D:2      | Noticed Sigmund
  1095 | D:2      | Reached skill level 1 in Unarmed Combat
  1494 | D:2      | Reached XP level 3. HP: 18/28 MP: 1/4
  1643 | D:2      | Found a shadowy altar of Dithmenos.
  2219 | D:2      | Killed Sigmund
  2219 | D:2      | Reached XP level 4. HP: 36/36 MP: 1/5
  2332 | D:3      | Noticed Terence
  2342 | D:3      | Killed Terence
  2342 | D:3      | Reached XP level 5. HP: 42/42 MP: 1/6
  2394 | D:3      | Noticed Robin
  2401 | D:3      | Killed Robin
  2463 | D:3      | Reached XP level 6. HP: 9/50 MP: 5/7
  2813 | D:3      | Noticed Jessica
  2820 | D:3      | Killed Jessica
  2971 | D:3      | Found a burning altar of Makhleb.
  3071 | D:3      | Learned a level 3 spell: Call Canine Familiar
  3209 | D:3      | Found a runed translucent door.
  3210 | D:3      | Noticed Crazy Yiuf
  3222 | D:3      | Killed Crazy Yiuf
  3353 | D:4      | Found a hide-covered altar of Uskayaw.
  3429 | D:4      | Reached XP level 7. HP: 54/57 MP: 4/8
  3785 | D:4      | Found a deep blue altar of Sif Muna.
  4136 | D:4      | Found a staircase to the Ecumenical Temple.
  4143 | D:4      | Reached skill level 5 in Dodging
  4152 | Temple   | Entered the Ecumenical Temple
  4194 | Temple   | Became a worshipper of Cheibriados the Contemplative
  4520 | D:5      | Entered Level 5 of the Dungeon
  4578 | D:5      | Reached XP level 8. HP: 44/63 MP: 8/10
  4699 | D:5      | Reached * piety under Cheibriados
  4704 | D:5      | Found a white marble altar of Elyvilon.
  4780 | D:5      | Found a stormy altar of Qazlal.
  4962 | D:5      | Reached skill level 5 in Unarmed Combat
  5386 | D:6      | Learned a level 4 spell: Summon Ice Beast
  5388 | D:6      | Noticed Pikel
  5420 | D:5      | Killed Pikel
  5420 | D:5      | Reached skill level 5 in Armour
  5443 | D:6      | Found a sand-covered staircase.
  5459 | Ossuary  | Entered an ossuary
  5715 | Ossuary  | Learned a level 4 spell: Summon Lightning Spire
  5736 | D:6      | Reached XP level 9. HP: 49/70 MP: 8/14
  5855 | D:6      | Found an opulent altar of Gozag.
  5857 | D:6      | Found a sparkling altar of Nemelex Xobeh.
  5950 | D:6      | Reached ** piety under Cheibriados
  6286 | D:6      | Found a blossoming altar of Fedhas.
  6358 | D:7      | Found a sparkling altar of Nemelex Xobeh.
  6549 | D:7      | Found a radiant altar of Vehumet.
  6627 | D:7      | Reached skill level 5 in Summonings
  6862 | D:8      | Reached *** piety under Cheibriados
  6885 | D:8      | Reached skill level 1 in Air Magic
  6903 | D:8      | Found a sacrificial altar of Ru.
  6903 | D:8      | Noticed an oklob plant
  6910 | D:8      | Noticed a purple ugly thing
  6919 | D:8      | Killed a purple ugly thing
  6928 | D:8      | Found a flagged portal.
  6938 | Bailey   | Entered a bailey
  7085 | Bailey   | Reached **** piety under Cheibriados
  7119 | Bailey   | Noticed an orc knight
  7154 | Bailey   | Mangled by an orc knight

Skill      XL: |  1  2  3  4  5  6  7  8  9 |
---------------+----------------------------+-----
Fighting       | 1 2 3 |  3.2
Armour         | 1 2 3 4 5 6 |  6.1
Unarmed Combat | 1 2 3 4 5 6 |  6.2
Dodging        | 3 4 5 6 |  6.2
Summonings     | 3 4 5 |  5.5
Spellcasting   | 2 4 |  4.8
Air Magic      | 1 |  1.3
Stealth        | |  1.5

Action                   |  1- 3 |  4- 6 |  7- 9 || total
-------------------------+-------+-------+-------++-------
Melee: Unarmed           |    74 |       |   135 ||   209
       Headbutt          |    13 |    20 |    50 ||    83
       Punch             |     1 |       |     5 ||     6
       Scythe            |       |    85 |   150 ||   235
       Staff             |       |       |     1 ||     1
 Fire: Blowgun           |       |       |     4 ||     4
Throw: Stone             |     1 |       |     1 ||     2
 Cast: Summon Small Mamm |    10 |       |       ||    10
       Call Imp          |     9 |    24 |    75 ||   108
       Call Canine Famil |       |       |    28 ||    28
       Summon Lightning  |       |       |     6 ||     6
       Summon Ice Beast  |       |       |     1 ||     1
Invok: Bend Time         |       |       |     2 ||     2
Evoke: Wand              |       |       |     4 ||     4
  Use: Scroll            |     2 |     4 |    16 ||    22
       Potion            |       |       |     8 ||     8
 Stab: Sleeping          |     1 |     2 |     1 ||     4
       Distracted        |       |     1 |     5 ||     6
  Eat: Chunk             |     5 |     7 |    15 ||    27
Armor: Robe              |    18 |     6 |       ||    24
       Leather armour    |       |    13 |       ||    13
       Ring mail         |       |     8 |    48 ||    56
       Scale mail        |       |       |    53 ||    53
Dodge: Dodged            |    61 |    56 |   203 ||   320
